[Event "ICC Open 2015"]
[Site "Internet Chess Club"]
[Date "2015.05.29"]
[Round "10"]
[White "outubro2"]
[Black "fearlessone"]
[Result "1-0"]
[ICCResult "Black checkmated"]
[WhiteElo "1582"]
[BlackElo "1667"]
[Opening "English opening"]
[ECO "A10"]
[NIC "EO.64"]
[Time "21:19:40"]
[TimeControl "180+0"]

1. c4 g6 2. Nc3 Bg7 3. Nf3 d6 4. g3 Nd7 5. Bg2 e6 6. O-O Ne7 7. d4 O-O 8. e4
b6 9. Be3 Bb7 10. Qd2 Nf6 11. e5 dxe5 12. Nxe5 Bxg2 13. Kxg2 Nf5 14. Rad1
Nxe3+ 15. Qxe3 h5 16. h3 Qc8 17. Qf3 c5 18. dxc5 Qxc5 19. Nd7 Nxd7 20. Rxd7
Qxc4 21. Ne4 Qxa2 22. Nf6+ Bxf6 23. Qxf6 Rae8 24. Rc1 e5 25. Rcc7 Qe6 26.
Qg5 e4 27. g4 hxg4 28. hxg4 e3 29. fxe3 Qxe3 30. Qxg6+ Kh8 31. Qh5+ Kg7 32.
Rxf7+ Rxf7 33. Rxf7+ Kg8 34. Qh7# {Black checkmated} 1-0

[Event "ICC Open 2015"]
[Site "Internet Chess Club"]
[Date "2015.05.29"]
[Round "10"]
[White "Smokie"]
[Black "Oblique"]
[Result "0-1"]
[ICCResult "White forfeits on time"]
[WhiteElo "1431"]
[BlackElo "1683"]
[Opening "Grünfeld: exchange variation"]
[ECO "D85"]
[NIC "EO.64"]
[Time "21:20:30"]
[TimeControl "180+0"]

1. c4 Nf6 2. Nc3 d5 3. cxd5 Nxd5 4. d4 g6 5. g3 Bg7 6. Bg2 c6 7. Nf3 O-O 8.
e4 Nb6 9. Bf4 Bg4 10. Be3 e6 11. O-O Nc4 12. h3 Nxe3 13. fxe3 Bxf3 14. Qxf3
Qb6 15. Rf2 c5 16. dxc5 Qxc5 17. Rc1 Nc6 18. Ne2 Qa5 19. b3 Ne5 20. Qf4 Nd3
21. Qh4 Nxf2 22. Kxf2 Qxa2 23. Qe7 Qxb3 24. Rc7 Rab8 25. Bf3 a5 26. g4 a4
27. h4 a3 28. h5 a2 29. g5 a1=Q 30. hxg6 hxg6 {White forfeits on time} 0-1

[Event "ICC Open 2015"]
[Site "Internet Chess Club"]
[Date "2015.05.29"]
[Round "10"]
[White "Autenticman"]
[Black "antizwi"]
[Result "1-0"]
[ICCResult "Black forfeits on time"]
[WhiteElo "1834"]
[BlackElo "1929"]
[Opening "Sicilian: Sozin, Leonhardt variation"]
[ECO "B88"]
[NIC "SI.26"]
[Time "21:19:37"]
[TimeControl "180+0"]

1. e4 c5 2. Nc3 e6 3. Nf3 Nc6 4. Bc4 Nf6 5. d4 cxd4 6. Nxd4 d6 7. O-O Be7 8.
Re1 O-O 9. Nxc6 bxc6 10. Bb3 Ba6 11. Be3 c5 12. a3 Rb8 13. Rb1 Qc7 14. Qd2
Ng4 15. h3 Nxe3 16. Qxe3 Bf6 17. Ne2 c4 18. Ba2 Rxb2 19. Rxb2 Bxb2 20. Nf4
Qb6 21. Qf3 Be5 22. Nh5 Qb2 23. Bb1 Qc3 24. Re3 Qa1 25. Re1 Rb8 26. Qd1 Qxa3
27. c3 Qxc3 28. Re3 Qd4 29. Qe1 g6 30. Ng3 Rb3 31. Rxb3 cxb3 32. Ne2 Qc5 33.
Qd2 Bxe2 34. Kh1 Qc4 35. g3 Bd4 36. Kg2 b2 37. h4 Bh5 38. g4 Qc3 39. Qxc3
Bxc3 40. gxh5 gxh5 41. Kf3 Kg7 42. Ke2 Kf6 43. f3 Be5 44. Kd3
{Black forfeits on time}
1-0

[Event "ICC Open 2015"]
[Site "Internet Chess Club"]
[Date "2015.05.29"]
[Round "10"]
[White "rovov"]
[Black "iamGodskid"]
[Result "1-0"]
[ICCResult "Black forfeits on time"]
[WhiteElo "1648"]
[BlackElo "1442"]
[Opening "Réti opening"]
[ECO "A04"]
[NIC "QP.11"]
[Time "21:19:53"]
[TimeControl "180+0"]

1. Nf3 d6 2. c4 g6 3. g3 Bg7 4. Bg2 Nf6 5. Nc3 Bg4 6. O-O Nc6 7. d3 O-O 8.
h3 Bxf3 9. Bxf3 Rb8 10. Rb1 a6 11. b4 Ne5 12. Bg2 c6 13. a4 Qc7 14. b5 cxb5
15. axb5 Qc5 16. Qb3 Ned7 17. Be3 Qh5 18. Qa4 Qe5 19. Nd5 Nc5 20. Bxc5 dxc5
21. Nxf6+ exf6 22. Bf3 Qf5 23. Kh2 h5 24. bxa6 bxa6 25. Qxa6 Rxb1 26. Rxb1
g5 27. Qa7 g4 28. hxg4 hxg4 29. Bg2 Qh5+ 30. Kg1 Qf5 31. Rb5 Rc8 32. Bd5 Rf8
33. Rxc5 Qe5 34. e3 Qc3 35. Rc7 Qe1+ 36. Kg2 Qd1 37. Rxf7 Rxf7 38. Qxf7+ Kh7
39. Qh5+ Bh6 40. Qf5+ Kg7 41. c5 {Black forfeits on time} 1-0

[Event "ICC Open 2015"]
[Site "Internet Chess Club"]
[Date "2015.05.29"]
[Round "10"]
[White "RobbieWilliams"]
[Black "Blondicheck"]
[Result "1-0"]
[ICCResult "Black resigns"]
[WhiteElo "1738"]
[BlackElo "1564"]
[Opening "Queen's pawn game"]
[ECO "A45"]
[NIC "QP.07"]
[Time "21:20:34"]
[TimeControl "180+0"]

1. d4 Nf6 2. e3 e6 3. Bd3 c5 4. Nd2 cxd4 5. exd4 d5 6. f4 g6 7. Ngf3 Bg7 8.
c3 O-O 9. O-O Nbd7 10. Ne5 Re8 11. Qf3 Nf8 12. g4 N6d7 13. g5 f5 14. gxf6
Bxf6 15. Kh1 b6 16. Rg1 Qc7 17. Nf1 Bb7 18. Rg3 Bxe5 19. fxe5 Re7 20. Bh6
Rf7 21. Qg4 Re8 22. Re1 Ree7 23. Kg1 a5 24. h4 Kh8 25. h5 Bc8 26. hxg6 Nxg6
27. Bxg6 hxg6 28. Qxg6 Qd8 29. Qh5 Rh7 30. Re2 Nf8 31. Rh2 Bd7 32. Ne3 Be8
33. Qg4 Ng6 34. Rgh3 Bf7 35. Bg5 Qg8 36. Bxe7 Nxe7 37. Rxh7+ Qxh7 38. Rxh7+
Kxh7 39. Ng2 Ng6 40. Nf4 Kg7 41. Nh5+ Kh6 42. Nf6 Kg7 43. Qh5 Bg8 44. Qg5
Bf7 45. Nh5+ Kh7 46. Qf6 Kh6 47. Ng7 Bg8 48. Nxe6 Bxe6 49. Qxe6 Kh5 50. Qxd5
{Black resigns}
1-0

[Event "ICC Open 2015"]
[Site "Internet Chess Club"]
[Date "2015.05.29"]
[Round "10"]
[White "maki89"]
[Black "PJJVenegas"]
[Result "0-1"]
[ICCResult "White checkmated"]
[WhiteElo "2379"]
[BlackElo "2294"]
[Opening "Trompowsky attack (Ruth, Opocenský opening)"]
[ECO "A45"]
[NIC "QP.07"]
[Time "21:19:59"]
[TimeControl "180+0"]

1. d4 Nf6 2. Bg5 Ne4 3. Bf4 d5 4. e3 g6 5. Bd3 Bg7 6. c4 O-O 7. Bxe4 dxe4 8.
Nc3 c5 9. Nge2 Nc6 10. O-O cxd4 11. exd4 Nxd4 12. Nxe4 Bf5 13. N4g3 Bg4 14.
f3 Be6 15. Rc1 Rc8 16. b3 Qb6 17. Kh1 Rfd8 18. Be3 Qd6 19. Ne4 Qb6 20. c5
Qb4 21. a3 Bxb3 22. axb4 Bxd1 23. Nxd4 Bxd4 24. Bxd4 Rxd4 25. Rfxd1 Rxb4 26.
Rd7 f5 27. Ng5 Rxc5 28. Re1 Re5 29. Red1 h6 30. Nh3 a5 31. Nf2 Re2 32. Nd3
Rb3 33. h4 g5 34. hxg5 hxg5 35. Nc5 Rbb2 36. Rg1 b6 37. Nd3 Rbd2 38. Rd8+
Kg7 39. Rd7 Kf6 40. Nc5 bxc5 41. Rc7 Re5 42. Rc6+ e6 43. Rb1 Red5 44. Rbb6
Re5 45. Rb7 Ree2 46. Rcc7 Rxg2 47. Rf7+ Ke5 48. Rb5 Kf4 49. Rxc5 Rh2+ 50.
Kg1 Rdg2+ 51. Kf1 Kg3 52. Rc3 Rh1# {White checkmated} 0-1

[Event "ICC Open 2015"]
[Site "Internet Chess Club"]
[Date "2015.05.29"]
[Round "10"]
[White "DarkThrone"]
[Black "gmgattass"]
[Result "0-1"]
[ICCResult "White resigns"]
[WhiteElo "2402"]
[BlackElo "2320"]
[Opening "King's Indian: Four pawns attack"]
[ECO "A68"]
[NIC "KI.57"]
[Time "21:20:27"]
[TimeControl "180+0"]

1. d4 Nf6 2. c4 g6 3. Nc3 Bg7 4. e4 d6 5. f4 O-O 6. Nf3 c5 7. d5 e6 8. Be2
exd5 9. cxd5 a6 10. e5 dxe5 11. fxe5 Ng4 12. Bg5 Qb6 13. O-O Nxe5 14. d6 Be6
15. Nd5 Qxb2 16. Nc7 Nxf3+ 17. Bxf3 Ra7 18. Be7 Qxa1 19. Qxa1 Bxa1 20. Rxa1
Nd7 21. Nxe6 fxe6 22. Bg4 Rf5 23. Bxf5 gxf5 24. g4 f4 25. Re1 e5 26. Kf2 b5
27. Kf3 Kf7 28. g5 b4 29. h4 a5 30. h5 a4 31. Rg1 b3 32. g6+ hxg6 33. hxg6+
Kg7 34. axb3 axb3 35. Ke4 b2 36. Rb1 Rb7 37. Kf5 c4 38. Ke4 c3 39. Kd3 Kxg6
40. Kxc3 Kf5 41. Rxb2 Rxb2 42. Kxb2 Kg4 43. Kc3 f3 44. Kd3 Kg3 45. Bd8 f2
46. Ke2 Kg2 {White resigns} 0-1

[Event "ICC Open 2015"]
[Site "Internet Chess Club"]
[Date "2015.05.29"]
[Round "10"]
[White "golpeador"]
[Black "Lzmann"]
[Result "0-1"]
[ICCResult "White forfeits on time"]
[WhiteElo "2313"]
[BlackElo "1830"]
[Opening "King's Indian: London system"]
[ECO "A48"]
[NIC "QP.03"]
[Time "21:20:40"]
[TimeControl "180+0"]

1. Nf3 Nf6 2. d4 g6 3. Bf4 Bg7 4. e3 d6 5. h3 O-O 6. c3 b6 7. Nbd2 Bb7 8.
Bd3 Nbd7 9. O-O Re8 10. Bh2 e5 11. dxe5 dxe5 12. Be2 e4 13. Nd4 Nd5 14. Qb3
Nc5 15. Qa3 f5 16. Rfd1 Rf8 17. b4 Nd7 18. Ne6 Qe7 19. Nxf8 Rxf8 20. Rac1 f4
21. exf4 Nxf4 22. Bb5 Ne5 23. Nb3 Qg5 24. Bxf4 Rxf4 25. Nd4 e3 26. f3 Nxf3+
27. Nxf3 Bxf3 28. Bf1 e2 29. Qb3+ Kh8 30. g4 Rxg4+ 31. hxg4 Qxg4+ 32. Kf2
exd1=Q 33. Rxd1 Bxd1 34. Qd5 Qf5+ 35. Qxf5 gxf5 36. Ke1 Bf3 37. Bd3 Be4 38.
Bc4 f4 {White forfeits on time} 0-1

[Event "ICC Open 2015"]
[Site "Internet Chess Club"]
[Date "2015.05.29"]
[Round "10"]
[White "Piranha"]
[Black "Doondoon"]
[Result "0-1"]
[ICCResult "White checkmated"]
[WhiteElo "1769"]
[BlackElo "1742"]
[Opening "Sicilian defense"]
[ECO "B27"]
[NIC "SI.43"]
[Time "21:20:07"]
[TimeControl "180+0"]

1. e4 c5 2. Nf3 f5 3. e5 d5 4. d4 e6 5. Bf4 Nc6 6. c3 Nge7 7. Bd3 Qb6 8. Qd2
Ng6 9. Bg5 Bd7 10. O-O cxd4 11. cxd4 Nxd4 12. Nxd4 Qxd4 13. Be3 Qxe5 14. Re1
Bd6 15. g3 d4 16. Bg5 Qd5 17. Na3 Bc6 18. Re4 fxe4 19. Bc4 Qf5 20. Nb5 Bxb5
21. Bxb5+ Qxb5 22. Qxd4 Bc5 23. Qxg7 Qd7 24. Qf6 Qf7 25. Qxf7+ Kxf7 26. Rc1
Bb6 27. h4 h6 28. Be3 Bxe3 29. fxe3 Rhe8 30. Rf1+ Kg7 31. Rd1 Rad8 32. Rf1
Re7 33. Rf2 Rd3 34. Kg2 Rxe3 35. Rc2 Rd3 36. h5 Ne5 37. Re2 Rf7 38. Rxe4
Rd2+ 39. Kh3 Nf3 40. Rg4+ Ng5+ 41. Rxg5+ hxg5 42. Kg4 e5 43. h6+ Kxh6 44.
Kh3 e4 45. Kg4 e3 46. b4 e2 47. b5 e1=Q 48. b6 Qe4+ 49. Kh3 Qg2+ 50. Kg4
Rd4# {White checkmated} 0-1

[Event "ICC Open 2015"]
[Site "Internet Chess Club"]
[Date "2015.05.29"]
[Round "10"]
[White "Ricardov"]
[Black "Estocolmov"]
[Result "0-1"]
[ICCResult "White resigns"]
[WhiteElo "2314"]
[BlackElo "2295"]
[Opening "Queen's pawn, Mason variation"]
[ECO "D00"]
[NIC "QP.08"]
[Time "21:20:09"]
[TimeControl "180+0"]

1. d4 d5 2. Bf4 e6 3. e3 f5 4. c4 Nf6 5. Nc3 c6 6. Nf3 Bd6 7. Bxd6 Qxd6 8.
c5 Qc7 9. Ne5 O-O 10. f4 b6 11. b4 bxc5 12. bxc5 Ba6 13. Bxa6 Nxa6 14. Qa4
Nb8 15. O-O Nfd7 16. Rab1 Nxe5 17. fxe5 Nd7 18. Rb3 Rfb8 19. Rfb1 Rxb3 20.
Rxb3 Rb8 21. Ne2 Rxb3 22. axb3 Qb7 23. Nf4 Kf7 24. Nd3 a6 25. Nb4 Nb8 26.
Qa5 Ke7 27. Kf2 Qb5 28. Qxb5 cxb5 29. Na2 a5 30. Nc3 b4 31. Nb5 Nc6 32. Ke2
Kd7 33. Nd6 f4 34. g3 fxe3 35. Kxe3 g6 36. Nf7 a4 37. bxa4 b3 38. Kd3 Nxd4
39. a5 b2 40. c6+ Nxc6 41. Kc2 Nxa5 42. Kxb2 Nc4+ 43. Kc3 Ke7 44. Ng5 Nxe5
45. Nxh7 Kf7 46. Ng5+ Kf6 47. h4 Kf5 48. Kd4 Ng4 49. Kc5 Nf6 50. Kd4 Ne4 51.
Nxe4 dxe4 52. Ke3 Kg4 53. Kf2 e3+ 54. Kg2 e2 55. Kf2 e5 56. Ke1 Kxg3
{White resigns}
0-1

[Event "ICC Open 2015"]
[Site "Internet Chess Club"]
[Date "2015.05.29"]
[Round "10"]
[White "Red-white"]
[Black "kurumania"]
[Result "1-0"]
[ICCResult "Black resigns"]
[WhiteElo "3126"]
[BlackElo "2777"]
[Opening "Réti opening"]
[ECO "A05"]
[NIC "QP.11"]
[Time "21:20:33"]
[TimeControl "180+0"]

1. Nf3 Nf6 2. g3 d5 3. Bg2 b6 4. O-O Bb7 5. d4 e6 6. c4 Bd6 7. cxd5 exd5 8.
Nc3 a6 9. Bg5 Nbd7 10. e4 dxe4 11. Nd2 Be7 12. Ndxe4 Nxe4 13. Bxe7 Qxe7 14.
Nxe4 O-O-O 15. d5 Nf6 16. d6 cxd6 17. Rc1+ Kb8 18. Nxf6 Bxg2 19. Kxg2 gxf6
20. Qa4 Qb7+ 21. Kg1 Rc8 22. Qd4 f5 23. Qxd6+ Ka7 24. Qe5 Qe4 25. Rc7+ Rxc7
26. Qxc7+ Qb7 27. Qe5 Rd8 28. Qxf5 Rd2 29. Rc1 Rxb2 30. Qe5 Rd2 31. Qf4 Rxa2
32. f3 Ka8 33. Rc7 Ra4 34. Qxf7 {Black resigns} 1-0

[Event "ICC Open 2015"]
[Site "Internet Chess Club"]
[Date "2015.05.29"]
[Round "10"]
[White "nurmi"]
[Black "dondoctor"]
[Result "1-0"]
[ICCResult "Black forfeits on time"]
[WhiteElo "2242"]
[BlackElo "2036"]
[Opening "English opening"]
[ECO "A10"]
[NIC "EO.64"]
[Time "21:19:42"]
[TimeControl "180+0"]

1. c4 g6 2. g3 Bg7 3. Bg2 Nf6 4. Nc3 d6 5. Nf3 O-O 6. O-O c6 7. d3 Bg4 8.
Rb1 Qc8 9. Re1 Bxf3 10. Bxf3 e6 11. b4 d5 12. Qb3 a6 13. Bf4 Nbd7 14. Rec1
Qd8 15. e4 e5 16. Bg5 d4 17. Ne2 c5 18. Bg2 Qc7 19. Bh3 Rab8 20. b5 axb5 21.
Qxb5 b6 22. a4 h6 23. Bd2 Qd6 24. Ra1 h5 25. Rcb1 Ng4 26. f3 Ngf6 27. Bg5
Nh7 28. Bd2 f5 29. Rf1 Ndf6 30. a5 bxa5 31. Qxa5 Rb3 32. Nc1 Rbb8 33. exf5
g5 34. g4 hxg4 35. fxg4 e4 36. Bg2 e3 37. Be1 Nxg4 38. Bg3 Be5 39. Bd5+ Kh8
40. Kg2 Nxh2 41. Bxh2 Bxh2 42. Ne2 g4 43. Rh1 g3 44. Ra2 Nf6 45. Qa6 Rb6 46.
Qa3 {Black forfeits on time} 1-0

[Event "ICC Open 2015"]
[Site "Internet Chess Club"]
[Date "2015.05.29"]
[Round "10"]
[White "ehkopean"]
[Black "RaiseTheCurve"]
[Result "0-1"]
[ICCResult "White forfeits on time"]
[WhiteElo "1712"]
[BlackElo "1992"]
[Opening "Alekhine's defense: two pawns' (Lasker's) attack"]
[ECO "B02"]
[NIC "AL.10"]
[Time "21:19:58"]
[TimeControl "180+0"]

1. e4 Nf6 2. e5 Nd5 3. c4 Nb6 4. c5 Nd5 5. Nc3 Nxc3 6. bxc3 e6 7. d4 b6 8.
cxb6 axb6 9. Nf3 c5 10. Bd3 d6 11. O-O dxe5 12. Bb5+ Bd7 13. Bxd7+ Nxd7 14.
dxe5 Qc7 15. Bf4 Be7 16. Re1 O-O 17. Qb3 Rfb8 18. a4 Nf8 19. c4 Ng6 20. Bg3
Bf8 21. Rad1 Ne7 22. Ng5 Nc6 23. Qc2 g6 24. Ne4 Nd4 25. Nf6+ Kg7 26. Qe4 Be7
27. Qg4 Rxa4 28. Bh4 Rxc4 29. Nh5+ Kf8 30. Nf6 Bxf6 31. Bxf6 h5 32. Qg5 Ke8
33. Qh6 Kd7 34. Qg7 Kc6 35. Rb1 b5 36. Ra1 Qb7 37. Bg5 b4 38. Rad1 b3 39.
Be3 b2 40. Bxd4 Rxd4 41. Rb1 c4 42. Qh6 c3 43. Qe3 Qb4 44. Rec1 Rc4
{White forfeits on time}
0-1

[Event "ICC Open 2015"]
[Site "Internet Chess Club"]
[Date "2015.05.29"]
[Round "10"]
[White "TallTower"]
[Black "Alekhinne"]
[Result "1-0"]
[ICCResult "Black forfeits on time"]
[WhiteElo "1773"]
[BlackElo "1699"]
[Opening "Sicilian: Najdorf, 7...Be7 main line"]
[ECO "B99"]
[NIC "SI.09"]
[Time "21:20:18"]
[TimeControl "180+0"]

1. e4 c5 2. Nf3 d6 3. d4 cxd4 4. Nxd4 Nf6 5. Nc3 a6 6. Bg5 e6 7. f4 Be7 8.
Qf3 Qc7 9. O-O-O Nbd7 10. Bd3 b5 11. Rhe1 Bb7 12. Kb1 O-O-O 13. a3 Rhe8 14.
h3 Kb8 15. Qe3 d5 16. e5 Ng8 17. Bxe7 Nxe7 18. g4 g6 19. h4 Nb6 20. h5 Nc4
21. Bxc4 dxc4 22. hxg6 hxg6 23. Nf3 Nd5 24. Nxd5 Rxd5 25. Ng5 Red8 26. Rxd5
Bxd5 27. Ne4 Bxe4 28. Qxe4 c3 29. b3 Qc5 30. Ka2 Rd2 31. b4 Qc4+ 32. Qxc4
bxc4 33. Kb1 Rf2 34. Re4 Rf1+ 35. Ka2 Rc1 36. Rxc4 Rxc2+ 37. Kb3 Rg2 38. g5
c2 39. Rxc2 Rg3+ 40. Ka4 Rf3 41. Rc4 Kb7 42. Rd4 Kb6 43. Rd6+ Kc7 44. Rd4
Kc6 45. Rc4+ Kb6 46. Re4 Kc6 47. Rd4 Kc7 48. Rd6 Rxf4 49. Rxa6 Rf5 50. Ra7+
Kb6 51. Re7 Rxe5 52. Rxf7 Rxg5 53. Rf6 {Black forfeits on time} 1-0

[Event "ICC Open 2015"]
[Site "Internet Chess Club"]
[Date "2015.05.29"]
[Round "10"]
[White "OuttaShape"]
[Black "playwaycool"]
[Result "0-1"]
[ICCResult "White forfeits on time"]
[WhiteElo "2122"]
[BlackElo "2348"]
[Opening "Caro-Kann: Panov-Botvinnik attack"]
[ECO "B13"]
[NIC "CK.02"]
[Time "21:20:12"]
[TimeControl "180+0"]

1. e4 c6 2. d4 d5 3. exd5 cxd5 4. c4 e6 5. cxd5 exd5 6. Nc3 Nf6 7. Bg5 Be6
8. Qb3 Nbd7 9. Nf3 Be7 10. Bd3 a6 11. a4 Qb6 12. Qxb6 Nxb6 13. a5 Nc4 14. b3
Nxa5 15. Rxa5 Bb4 16. Rc5 b6 17. Rc6 Bd7 18. Rc7 Kd8 19. Rxd7+ Kxd7 20. Bd2
Rhe8+ 21. Ne5+ Ke7 22. O-O Kf8 23. Rd1 Rec8 24. Ne2 Bxd2 25. Rxd2 Ne4 26.
Bxe4 dxe4 27. d5 Rd8 28. d6 a5 29. Nc3 f6 30. Nc4 Rdb8 31. Nb5 a4 32. b4 Rc8
33. Nba3 b5 34. d7 bxc4 35. dxc8=Q+ Rxc8 36. Rc2 c3 37. b5 Ke7 38. Kf1 Kd6
39. Ke2 Kd5 40. Ke3 f5 41. g3 g5 42. f4 h6 43. Nb1 gxf4+ 44. gxf4 Ke6 45.
Nxc3 a3 46. b6 a2 47. Rxa2 Rxc3+ 48. Kd4 Rb3 49. Kc5 e3 50. Re2 Kd7 51. b7
Kc7 52. Kd4 Kxb7 53. Rxe3 Rb2 54. Ke5 Kc6 55. Kxf5 Kd5 56. Re5+ Kd6 57. Kf6
Rf2 58. f5 Kd7 59. Re6 Kd8 {White forfeits on time} 0-1

[Event "ICC Open 2015"]
[Site "Internet Chess Club"]
[Date "2015.05.29"]
[Round "10"]
[White "dietcoke"]
[Black "manitodeplomo"]
[Result "0-1"]
[ICCResult "White checkmated"]
[WhiteElo "2195"]
[BlackElo "2638"]
[Opening "Robatsch defense"]
[ECO "B06"]
[NIC "KF.05"]
[Time "21:19:57"]
[TimeControl "180+0"]

1. e4 g6 2. d4 Bg7 3. Nc3 c5 4. Nf3 Qa5 5. dxc5 Bxc3+ 6. bxc3 Qxc3+ 7. Bd2
Qxc5 8. Bd3 Nf6 9. O-O O-O 10. Re1 d6 11. Rb1 Nbd7 12. Bh6 Ng4 13. Qd2 Nxh6
14. Qxh6 Nf6 15. h3 Qh5 16. Qd2 Bxh3 17. e5 Nd7 18. Rxb7 Bg4 19. Be4 Nc5 20.
Rxe7 Nxe4 21. Rxe4 Bxf3 22. gxf3 Qxf3 23. Re3 Qh5 24. exd6 Rad8 25. d7 Qf5
26. R3e5 Qg4+ 27. Kh2 h5 28. Qe3 Rxd7 29. Rxd7 Qxd7 30. Re7 Qf5 31. c4 a5
32. c5 Qc2 33. a3 a4 34. Kg2 Qc4 35. Qe5 Rd8 36. Re8+ Rxe8 37. Qxe8+ Kh7 38.
Qe5 h4 39. Kh3 Kh6 40. Qe3+ g5 41. Qf3 Qb3 42. Kg4 Qe6+ 43. Qf5 Qxf5+ 44.
Kxf5 h3 45. c6 h2 46. c7 h1=Q 47. c8=Q Qf3+ 48. Ke5 Qf4+ 49. Kd5 Qf3+ 50.
Kd6 Qxf2 51. Kd7 Qf5+ 52. Kd8 Qxc8+ 53. Kxc8 g4 54. Kc7 g3 55. Kb6 g2 56.
Kb5 g1=Q 57. Kxa4 Qb1 58. Ka5 f5 59. a4 f4 60. Ka6 f3 61. a5 f2 62. Ka7 f1=Q
63. Ka8 Qfb5 64. a6 Qb8# {White checkmated} 0-1

[Event "ICC Open 2015"]
[Site "Internet Chess Club"]
[Date "2015.05.29"]
[Round "10"]
[White "brizito"]
[Black "Ashtanga"]
[Result "0-1"]
[ICCResult "White checkmated"]
[WhiteElo "1650"]
[BlackElo "1842"]
[Opening "Queen's pawn game"]
[ECO "D02"]
[NIC "QP.08"]
[Time "21:20:40"]
[TimeControl "180+0"]

1. d4 d5 2. Nf3 Bf5 3. e3 e6 4. Bd2 Nf6 5. Nc3 c6 6. Be2 Bd6 7. h3 Ne4 8.
Nxe4 Bxe4 9. Rc1 Nd7 10. c4 O-O 11. c5 Bc7 12. O-O Qf6 13. Qb3 Rab8 14. Qa3
a6 15. Ba5 Bxa5 16. Qxa5 Bxf3 17. Bxf3 e5 18. Bg4 Qd8 19. Qxd8 Rbxd8 20.
Bxd7 Rxd7 21. dxe5 Re8 22. f4 d4 23. Rfd1 Red8 24. Rd2 dxe3 25. Rd6 f6 26.
Rc3 g5 27. Rxe3 gxf4 28. Red3 Rxd6 29. exd6 Kf7 30. Kf2 Ke6 31. Kf3 b6 32.
b4 a5 33. a3 axb4 34. axb4 bxc5 35. bxc5 Kd7 36. Kxf4 Ra8 37. Kf5 Ra5 38.
Kxf6 Rxc5 39. Kg7 Rd5 40. Rxd5 cxd5 41. Kxh7 d4 42. g4 d3 43. g5 d2 44. g6
d1=Q 45. g7 Qh5+ 46. Kg8 Kxd6 47. Kf8 Qf5+ 48. Kg8 Ke6 49. Kh8 Qh5+ 50. Kg8
Kf6 51. Kf8 Qf7# {White checkmated} 0-1

[Event "ICC Open 2015"]
[Site "Internet Chess Club"]
[Date "2015.05.29"]
[Round "10"]
[White "cap78red"]
[Black "smyslovVchess"]
[Result "0-1"]
[ICCResult "White forfeits on time"]
[WhiteElo "1379"]
[BlackElo "1626"]
[Opening "English: Mikenas-Carls variation"]
[ECO "A18"]
[NIC "EO.64"]
[Time "21:19:59"]
[TimeControl "180+0"]

1. c4 Nf6 2. Nc3 e6 3. e4 d6 4. d3 Nbd7 5. f4 c5 6. Nf3 e5 7. Be2 Be7 8. Be3
b6 9. f5 Bb7 10. Ng5 h6 11. Nxf7 Kxf7 12. Bh5+ Kf8 13. Bg6 Kg8 14. Nd5 Nf8
15. O-O Bxd5 16. exd5 Nxg6 17. fxg6 Qe8 18. Rf3 Qxg6 19. Rg3 Qf7 20. Qf3 Rh7
21. Qf5 Rf8 22. Rf1 Kh8 23. Rh3 g6 24. Qe6 Qxe6 25. dxe6 g5 26. Rhf3 Kg7 27.
h4 g4 28. Rf5 e4 29. dxe4 Nxe4 30. Rf7+ Kg8 31. Rxh7 Kxh7 32. Rf7+ Rxf7 33.
exf7 Kg7 34. Kf1 Bxh4 35. Ke2 h5 36. Kd3 Nf2+ 37. Ke2 g3 38. Bf4 Kxf7 39.
Bxd6 Ke6 40. Bb8 a6 41. Ba7 Bd8 42. Bb8 h4 43. Kf3 Nd3 44. Ke4 Nxb2 45. Kf4
Nxc4 46. Kg4 Nd6 47. Ba7 b5 48. Bxc5 a5 {White forfeits on time} 0-1

[Event "ICC Open 2015"]
[Site "Internet Chess Club"]
[Date "2015.05.29"]
[Round "10"]
[White "Dlugy"]
[Black "Cristhian-ator"]
[Result "0-1"]
[ICCResult "White checkmated"]
[WhiteElo "3017"]
[BlackElo "2632"]
[Opening "Bogo-Indian defense"]
[ECO "E11"]
[NIC "QI.01"]
[Time "21:20:28"]
[TimeControl "180+0"]

1. d4 Nf6 2. c4 e6 3. Nf3 Bb4+ 4. Bd2 c5 5. Bxb4 cxb4 6. g3 O-O 7. Bg2 Nc6
8. d5 Na5 9. Qd3 b6 10. Nbd2 Bb7 11. e4 Ba6 12. O-O exd5 13. exd5 Rc8 14. b3
Nb7 15. a3 Nc5 16. Qf5 bxa3 17. Rxa3 Bb7 18. Rxa7 Ra8 19. Rxa8 Bxa8 20. Nd4
Re8 21. Nb5 Qb8 22. b4 Na6 23. Rb1 Nc7 24. Nd6 Re2 25. Qd3 Re5 26. Nf3 Re7
27. Nf5 Re8 28. N3d4 b5 29. Nxb5 Nxb5 30. cxb5 Qb6 31. Ne3 d6 32. Ra1 Bb7
33. Ra5 Qc7 34. h3 h5 35. Qc4 Qd7 36. Ra7 Rc8 37. Qc6 Bxc6 38. Rxd7 Bxd7 39.
b6 Bb5 40. Nf5 Rb8 41. Nxd6 Rxb6 42. Nc8 Rb8 43. Ne7+ Kf8 44. Nf5 Bd7 45.
Ne3 Rxb4 46. Kf1 Rb1+ 47. Ke2 Bb5+ 48. Kd2 Rb2+ 49. Ke1 Re2+ 50. Kd1 Rxf2
51. g4 hxg4 52. hxg4 Rxg2 53. Nxg2 Nxd5 54. Kd2 g5 55. Ne1 Bd7 56. Nf3 f6
57. Nh2 Kf7 58. Kd3 Nf4+ 59. Ke4 Ng6 60. Kf3 Ne5+ 61. Kg3 Bxg4 62. Nf1 Be6
63. Ne3 Kg6 64. Nc2 f5 65. Nd4 f4+ 66. Kg2 Bd5+ 67. Kh2 g4 68. Ne2 Kg5 69.
Kg1 Nf3+ 70. Kf2 Nh4 71. Kg1 Nf5 72. Kf2 g3+ 73. Kg1 f3 74. Nc3 f2+ 75. Kf1
Bc4+ 76. Kg2 f1=Q# {White checkmated} 0-1

[Event "ICC Open 2015"]
[Site "Internet Chess Club"]
[Date "2015.05.29"]
[Round "10"]
[White "slothchess"]
[Black "Skyrmion"]
[Result "1-0"]
[ICCResult "Black forfeits on time"]
[WhiteElo "1511"]
[BlackElo "1687"]
[Opening "Alekhine's defense"]
[ECO "B03"]
[NIC "AL.09"]
[Time "21:20:29"]
[TimeControl "180+0"]

1. e4 Nf6 2. e5 Nd5 3. d4 Nb6 4. Nf3 d5 5. exd6 cxd6 6. Be2 g6 7. c3 Bg7 8.
O-O O-O 9. Re1 Nc6 10. h3 Bf5 11. Be3 Qc7 12. Bd3 Bxd3 13. Qxd3 Rad8 14. Na3
a6 15. Nc4 Nd5 16. Bd2 b5 17. Ne3 Nf4 18. Qf1 e5 19. Nc2 Nh5 20. a4 f5 21.
axb5 axb5 22. Qxb5 Rb8 23. Qd5+ Kh8 24. b4 exd4 25. Ncxd4 Nxd4 26. Nxd4 Rfe8
27. Qc6 Qxc6 28. Nxc6 Rbc8 29. Rxe8+ Rxe8 30. Kf1 h6 31. b5 Nf6 32. b6 Nd7
33. b7 Kh7 34. Ra8 Re4 35. b8=Q Nxb8 36. Rxb8 Rc4 37. Na5 Ra4 38. c4 g5 39.
Rb7 Kg6 40. Ke2 Bd4 41. f3 Bg1 42. Kd3 Ra2 43. Ke2 Bc5 44. Rc7 Ba3 45. Nc6
Bc1 46. Ne5+ dxe5 47. Rd7 {Black forfeits on time} 1-0

[Event "ICC Open 2015"]
[Site "Internet Chess Club"]
[Date "2015.05.29"]
[Round "10"]
[White "chabotheking"]
[Black "CapilanoBridge"]
[Result "1/2-1/2"]
[ICCResult "Game drawn because neither player has mating material"]
[WhiteElo "2519"]
[BlackElo "3140"]
[Opening "Owen defense"]
[ECO "B00"]
[NIC "VO.03"]
[Time "21:20:30"]
[TimeControl "180+0"]

1. e4 b6 2. d4 Bb7 3. Bd3 e6 4. Qe2 d5 5. e5 c5 6. c3 Qc8 7. Nd2 Ba6 8. Ngf3
Bxd3 9. Qxd3 Qa6 10. Qxa6 Nxa6 11. Ke2 Ne7 12. Nb3 Nc6 13. Be3 Be7 14. h4 h5
15. Bg5 f6 16. Bf4 Kd7 17. a4 Raf8 18. g3 cxd4 19. cxd4 Nab4 20. Rhc1 Rc8
21. a5 b5 22. a6 Nb8 23. Ra5 Rxc1 24. Bxc1 Kc6 25. Bd2 Kb6 26. Ra1 N8xa6 27.
Kf1 Nc6 28. Re1 Nc7 29. exf6 Bxf6 30. Bf4 a5 31. Nc5 Re8 32. Bxc7+ Kxc7 33.
Nxe6+ Kd6 34. Nfg5 Bxg5 35. Nxg5 Rxe1+ 36. Kxe1 Nxd4 37. Kd2 b4 38. Kd3 Nc6
39. b3 Kc5 40. Ne6+ Kd6 41. Nxg7 Ne5+ 42. Kc2 Ng4 43. Nxh5 Nxf2 44. Nf4 Ng4
45. h5 Ke5 46. Ng6+ Ke4 47. Kd2 d4 48. Nf4 Nh6 49. Nd3 Ng4 50. Nc5+ Kd5 51.
Nb7 a4 52. bxa4 b3 53. Na5 b2 54. Kc2 Kc5 55. Kxb2 Kb4 56. Nc6+ Kxa4 57.
Nxd4 Kb4 58. Nf5 Kc4 59. h6 Nf6 60. g4 Nh7 61. Nd6+ Kd5 62. Nf7 Ke6 63. g5
Kxf7 64. g6+ Kxg6 65. Kc3 Kxh6
{Game drawn because neither player has mating material}
1/2-1/2